Cogmind - Beta 16 @@@ ROGUE MODE // 2026.01.07 @ 03:36:59 Player: AngelSpirit Result: Destroyed by ST-NZS(R) with Subdweller Laser Performance ------------- Evolutions (0) 0 Regions Visited (2) 400 Robots Destroyed (32) 160 Value Destroyed (716) 716 Prototype IDs (0) 0 Alien Tech Used (0) 0 Bonus (0) 0 TOTAL SCORE: 1276 Bonus ------- None Cogmind --------- Core Integrity 0/250 Matter 300/300 Energy 182/200 System Corruption 1% Temperature Cool (6) Movement Rolling (115) Ox1 Location -10/Subcaves Parts ------- > --- POWER (1) -------- Subdweller Power Source > --- PROPULSION (2) --- Compact Wheel > --- UTILITY (2) ------ Large Storage Unit Light Armor Plating > --- WEAPON (2) ------- Subdweller Laser > --- INVENTORY (15) --- Ion Engine Ion Engine Subdweller Power Source Wheel Compact Wheel Compact Wheel Subdweller Monowheel Heat Sink Light Armor Plating Light Armor Plating Light Armor Plating Datajack Mining Laser Piercing Trap Peak State ------------ > --- POWER ------------ Improved Ion Engine > --- PROPULSION ------- Compact Wheel Subdweller Monowheel > --- UTILITY ---------- Large Storage Unit Light Armor Plating > --- WEAPON ----------- Subdweller Laser Subdweller Beam Cannon > --- INVENTORY -------- Ion Engine Ion Engine Subdweller Power Source Wheel Compact Wheel Compact Wheel Subdweller Monowheel Heat Sink Sensor Array Light Armor Plating Light Armor Plating Light Armor Plating Datajack Mining Laser Piercing Trap [Rating: 12] Favorites ----------- Power Improved Ion Engine Engine Improved Ion Engine Propulsion Compact Wheel Wheel Compact Wheel Utility Large Storage Unit Device Sensor Array Storage Large Storage Unit Protection Light Armor Plating Weapon Light Assault Rifle Energy Gun Medium Laser Energy Cannon Subdweller Beam Cannon Ballistic Gun Light Assault Rifle Ballistic Cannon Light Cannon Special Weapon Mining Laser Special Melee Weapon Datajack Build | -11 -10 -10 ------- Run | Yrd Mat Sub Slots Evolved . | . . . Power . | . . . Propulsion . | . . . Utility . | . . . Weapon . | . . . Parts Attached 31 | 6 14 11 Power 6 | 1 3 2 Engine 6 | 1 3 2 Core . | . . . Reactor . | . . . Propulsion 6 | 2 2 2 Treads . | . . . Leg . | . . . Wheel 6 | 2 2 2 Hover . | . . . Flight . | . . . Utility 8 | 1 3 4 Device 2 | . 2 . Storage 2 | 1 1 . Processor . | . . . Hackware . | . . . Protection 4 | . . 4 Artifact . | . . . Weapon 11 | 2 6 3 Energy Gun 5 | 2 2 1 Energy Cannon 1 | . . 1 Ballistic Gun 2 | . 2 . Ballistic Cannon 1 | . 1 . Launcher . | . . . Special Weapon 1 | . 1 . Impact Weapon . | . . . Slashing Weapon . | . . . Piercing Weapon . | . . . Special Melee Weapon 1 | . . 1 Unidentified Prototypes . | . . . Parts Lost 9 | . 4 5 Power 1 | . 1 . Propulsion 3 | . 2 1 Utility 3 | . . 3 Weapon 2 | . 1 1 Highest Loss Streak 2 | . 2 2 To Critical Strikes . | . . . Average Backups 10 | . 9 13 Power 1 | . 1 2 Propulsion 5 | . 6 3 Utility 2 | . . 4 Weapon 1 | . . 1 Tool/Special . | . . . Unused Backups 18 | . 10 8 Power 4 | . 1 3 Propulsion 10 | . 8 2 Utility 3 | . . 3 Weapon 1 | . 1 . Tool/Special . | . . . Average Slot Usage (%) 98 | . 98 99 Engine 13 | . 13 14 Wheel 27 | . 27 27 Device 11 | . 13 7 Storage 14 | . 14 14 Protection 2 | . . 6 Energy Gun 11 | . 13 9 Energy Cannon 4 | . . 12 Ballistic Gun 6 | . 8 1 Ballistic Cannon 4 | . 5 2 Peak Build Rating 12 | 6 8 12 Average Rating 8 | 4 7 11 On Entrance 4 | . 6 8 Avg Prop Armor Cover (%) . | . . . Naked Turns . | . . . Heaviest Build 42 | 14 30 42 Greatest Support 36 | 32 32 36 Greatest Overweight (x) 2 | . 1 2 Average Overweight (x) . | . . 1 Largest Inventory Capacity 15 | 8 15 15 Average Capacity 13 | 7 13 15 Most Carried 15 | 1 15 15 Average Carried 11 | . 9 14 Final Capacity 15 | 8 15 15 Final Carried 14 | 1 13 14 Class Distribution -------------------- 100% | Mutant Dominant Class ---------------- Mutant | -10/Materials Mutant | -10/Subcaves Resources | -11 -10 -10 ----------- Run | Yrd Mat Sub Matter Collected 818 | 245 310 263 Remotely . | . . . Salvage Created 942 | . 683 259 Parts 58 | . 44 14 Haulers Intercepted 2 | . 2 . Recyclers Shooed 1 | . 1 . Parts Field Recycled . | . . . Retrieved Matter . | . . . Parts Self-Destructed 9 | . . 9 Prevented . | . . . Parts Restored . | . . . Kills | -11 -10 -10 ------- Run | Yrd Mat Sub Combat Hostiles Destroyed 20 | . 12 8 Guns 15 | . 12 3 Cannons 5 | . . 5 Classes Destroyed 10 | . 8 2 Worker 3 | . 3 . Builder 2 | . 2 . Hauler 2 | . 2 . Recycler 1 | . 1 . Operator 1 | . 1 . Watcher 3 | . 3 . Swarmer 6 | . 5 1 Grunt 7 | . 7 . Sentry 1 | . . 1 Subdweller 6 | . . 6 Best Kill Streak 7 | . 7 3 Combat Bots Only 5 | . 5 3 Max Kills in Single Turn 1 | . 1 1 Gunslinging . | . . . Exploded . | . . . Melee . | . . . Uniques/NPCs Destroyed . | . . . Combat | -11 -10 -10 -------- Run | Yrd Mat Sub Hostile Shots Fired 116 | . 72 44 Missed 29 | . 19 10 Hits 87 | . 53 34 Projectile 87 | . 53 34 Critical Strikes 3 | . 1 2 Damage Taken 1331 | . 586 745 Core 261 | . 110 151 Absorbed by Shields . | . . . Regen/Repaired (Parts) 23 | . 23 . Core Remaining (%) 100 | 100 . . Volleys Fired 112 | . 76 36 Largest 2 | . 2 2 Hottest 140 | . 100 140 Shots Fired 200 | . 147 53 Gun 163 | . 132 31 Cannon 34 | . 12 22 Launcher . | . . . Special 3 | . 3 . Kinetic 82 | . 52 30 Thermal 97 | . 74 23 Explosive . | . . . Electromagnetic 21 | . 21 . Robot Hit Streak 25 | . 11 25 Robot Miss Streak 5 | . 5 1 Penetration Max . | . . . Secondary Targets 3 | . 3 . Max Gunslinging Chain 1 | . 1 . Shots Hit Robots 130 | . 83 47 Core Hits 51 | . 39 12 Critical Kills . | . . . Critical Parts Destroyed 1 | . . 1 Critical Strikes 5 | . 3 2 Burn 2 | . 2 . Destroy 1 | . . 1 Blast 2 | . 1 1 Melee Attacks . | . . . Impact . | . . . Slashing . | . . . Piercing . | . . . Sneak Attacks . | . . . Combat Hostiles . | . . . Follow-up Attacks . | . . . Damage Inflicted 1866 | . 1070 796 Guns 1287 | . 887 400 Cannons 482 | . 86 396 Explosions 97 | . 97 . Melee . | . . . Ramming . | . . . Kinetic 583 | . 257 326 Thermal 1094 | . 624 470 Explosive . | . . . Electromagnetic 189 | . 189 . Impact . | . . . Slashing . | . . . Piercing . | . . . Highest Corruption 1 | . 1 1 Average Corruption 1 | . 1 1 Corruption Purged . | . . . Corruption Blocked . | . . . Effects 14 | . 8 6 Message Errors 2 | . 2 . Matter Fused 3 | . 1 2 Heat Flow Errors 2 | . 1 1 Energy Discharges 2 | . 1 1 Data Loss (minor) 5 | . 3 2 Overload Shots . | . . . Overflow Damage . | . . . Projectiles . | . . . Explosions . | . . . Melee . | . . . Knockbacks 1 | . 1 . Impact . | . . . Kinetic 1 | . 1 . Secondary . | . . . Self-Inflicted Damage 26 | . 26 . Shots 1 | . 1 . Rammed . | . . . Targets Rammed . | . . . Kicked . | . . . Crushed . | . . . Highest Temperature 348 | . 348 209 Average Temperature 74 | . 77 46 Received Heat Transfer 414 | . 186 228 Effects 1 | . 1 . Short Circuit 1 | . 1 . Siege Activations . | . . . Martial Activations . | . . . Shielding Activations . | . . . Robots Disrupted . | . . . Combat Hostiles . | . . . Robots Corrupted . | . . . Combat Hostiles . | . . . Parts Fried . | . . . Impact Corruptions . | . . . Robots Melted . | . . . Combat Hostiles . | . . . Parts Melted 7 | . 6 1 Heat Transferred 2585 | . 1976 609 Parts Sabotaged . | . . . Parts Stolen . | . . . Parts Stripped . | . . . Power Chain Reactions 2 | . 2 . Alert | -11 -10 -10 ------- Run | Yrd Mat Sub Maximum Alert Level . | . . . Low Security (%) 100 | 100 100 . Level 1 . | . . . Level 2 . | . . . Level 3 . | . . . Level 4 . | . . . Level 5 . | . . . High Security . | . . . Max Security . | . . . Peak Influence 152 | . 152 . Initial . | . . . Average 61 | . 64 . Influence Increases 573 | . 533 40 Destroy 0b10 Robot/C 280 | . 240 40 Destroy 0b10 Robot/NC 60 | . 60 . Destroy Leader 60 | . 60 . Successful Hack 26 | . 26 . Select Force Hacks 30 | . 30 . Disable Machine 30 | . 30 . Destroy Structure 12 | . 12 . Lose Combat Pursuer 75 | . 75 . Influence Decreases 573 | . 530 43 Entered New Map 3 | . . 3 Time Decay 520 | . 490 30 Lost Part 50 | . 40 10 Squads Dispatched 2 | . 2 . Investigation 1 | . 1 . Extermination . | . . . Reinforcement 1 | . 1 . Assault . | . . . Garrison . | . . . Intercept . | . . . Searches Triggered . | . . . Construction Impeded . | . . . Haulers Reinforced . | . . . Active Scanning Responses . | . . . Cargo Convoy Interrupts . | . . . Stealth | -11 -10 -10 --------- Run | Yrd Mat Sub Distress Signals 3 | . 3 . Communications Jammed . | . . . Distress Signals . | . . . Times Spotted 34 | . 25 9 Peak Tracking Total 5 | . 5 3 Tactical Retreats 3 | . 3 . Traps | -11 -10 -10 ------- Run | Yrd Mat Sub Traps Triggered 1 | . 1 . Indirectly . | . . . Trap Hack Attempts 106 | . . 106 Triggered . | . . . Disarmed 1 | . . 1 Reprogrammed 7 | . . 7 Reused 4 | . . 4 Traps Extracted . | . . . Installed . | . . . Triggered . | . . . Most Traps Carried 1 | . . 1 Machines | -11 -10 -10 ---------- Run | Yrd Mat Sub Machines Disabled 2 | . 2 . Max in Single Turn 1 | . 1 . Machines Repaired . | . . . Machines Dismantled . | . . . Machines Sabotaged . | . . . Overloaded Fab Kills . | . . . Hacking | -11 -10 -10 --------- Run | Yrd Mat Sub Machines Accessed 9 | . 9 . Terminals 6 | . 6 . Fabricators . | . . . Repair Stations 1 | . 1 . Recycling Units 2 | . 2 . Scanalyzers . | . . . Garrison Access . | . . . Total Hacks 25 | . 25 . Successful 16 | . 16 . Failed 9 | . 9 . Catastrophic 2 | . 2 . Database Lockouts . | . . . Manual 15 | . 15 . Terminals 19 | . 19 . Fabricators . | . . . Repair Stations 3 | . 3 . Recycling Units 3 | . 3 . Scanalyzers . | . . . Garrison Access . | . . . Terminal Hacks 8 | . 8 . Part Schematic 1 | . 1 . Robot Schematic 1 | . 1 . Robot Analysis 2 | . 2 . Terminal Index 1 | . 1 . Locate Traps 2 | . 2 . Hauler Manifests 1 | . 1 . Fabricator Hacks . | . . . Repair Station Hacks 2 | . 2 . Scan Component 1 | . 1 . Repair 1 | . 1 . Recycling Unit Hacks 1 | . 1 . Retrieve Components 1 | . 1 . Scanalyzer . | . . . Garrison Access Hacks . | . . . Unauthorized Hacks 5 | . 5 . Terminals 4 | . 4 . Botnet 4 | . 4 . Fabricators . | . . . Repair Stations . | . . . Recycling Units 1 | . 1 . Tunnel 1 | . 1 . Scanalyzers . | . . . Garrison Access . | . . . Data Cores Recovered 1 | . 1 . Used . | . . . Hacking Detections 7 | . 7 . Full Trace Events 1 | . 1 . Feedback Events 1 | . 1 . Corruption 1 | . 1 . Feedback Blocked . | . . . Robot Schematics Acquired 1 | . 1 . Robots Built . | . . . Authchips . | . . . Time . | . . . Total Robot Build Rating . | . . . Part Schematics Acquired 1 | . 1 . Parts Built . | . . . Authchips . | . . . Time . | . . . Total Part Build Rating . | . . . Part Studies Acquired . | . . . Parts Repaired 1 | . 1 . Time 26 | . 26 . Parts Recycled . | . . . Recycled Matter . | . . . Retrieved Matter . | . . . Retrieved Components 9 | . 9 . Parts Scanalyzed . | . . . Part Schematics Acquired . | . . . Parts Damaged . | . . . Bothacking | -11 -10 -10 ------------ Run | Yrd Mat Sub Used RIF Installer . | . . . Robots Hacked . | . . . Non-combat . | . . . Combat . | . . . Robot Hacks Applied . | . . . Relay Couplers Released . | . . . Fabnet Peak Effective % . | . . . Robots Rewired . | . . . Allies Hacked . | . . . Hacks Repelled . | . . . Allies | -11 -10 -10 -------- Run | Yrd Mat Sub Total Allies . | . . . Largest Group . | . . . Highest-Rated Group . | . . . Highest-Rated Ally . | . . . Total Orders . | . . . Ally Attacks . | . . . Total Damage . | . . . Kills . | . . . Allies Corrupted . | . . . Allies Melted . | . . . Intel | -11 -10 -10 ------- Run | Yrd Mat Sub Active Infowar (turns) 1719 | . 1285 434 Sensors 1153 | . 719 434 Structural 566 | . 566 . Robot Analysis Total 2 | . 2 . Derelict Logs Recovered . | . . . Drone Launches . | . . . Drone Recoveries . | . . . Exploration | -11 -10 -10 ------------- Run | Yrd Mat Sub Turns Passed 2122 | 46 1293 783 Spaces Moved 1168 | 37 867 264 Core 1 | 1 . . Treads . | . . . Legs . | . . . Wheels 1167 | 36 867 264 Hover . | . . . Flight . | . . . Fastest Speed 50 | 50 90 105 Average Speed 104 | 98 101 114 Slowest Speed 130 | 100 115 130 Overloaded Moves . | . . . Propulsion Burnouts . | . . . Robots Hopped . | . . . Potential Cave-ins . | . . . Cave-ins Triggered . | . . . Exploration Rate (%) 38 | 3 97 16 Regions Visited 2 Branch Regions 1 Pre-discovered Areas 1 | . 1 . Known Exits Taken . | . . . Unknown Exits Taken 2 | 1 1 . Scrap Searched . | . . . Spaces Dug 2 | . 2 . Terrain Destroyed 9 | . 9 . Melee . | . . . Projectile 2 | . 2 . AOE 7 | . 7 . Terrain Rammed . | . . . Walls Destroyed . | . . . Machines Disabled . | . . . Actions | -11 -10 -10 --------- Run | Yrd Mat Sub Total 1871 | 43 1137 691 Wait 388 | . 128 260 Move 1166 | 36 866 264 Hop . | . . . Pick Up 30 | 1 26 3 Fast Attach 22 | 6 11 5 Attach 7 | . 4 3 Detach 1 | . . 1 Swap 17 | . 8 9 Drop 22 | . 18 4 Fire 112 | . 76 36 Melee . | . . . Ram . | . . . Kick . | . . . Crush . | . . . Escape Stasis . | . . . Rewire . | . . . Trap 106 | . . 106 Miscellaneous . | . . . Route ------- -11/Scrapyard -10/Materials (discovered 5 exits: [*Mat x2] / [*Min x2] / [*Sub]) -10/Subcaves (discovered 1 exit: [*Mat]) History --------- Turn | Location | Event 22 | -11/Scrapyard | Discovered new exit (range 15) 47 | -11/Scrapyard | Entered Materials 318 | -10/Materials | Build established: Mutant 326 | -10/Materials | Repaired EM Pulse Gun 363 | -10/Materials | Discovered new exit (range 10) 490 | -10/Materials | Discovered new exit (range 12) 866 | -10/Materials | Discovered new exit (range 12) 978 | -10/Materials | Discovered new exit (range 15) 1098 | -10/Materials | Discovered new exit (range 10) 1340 | -10/Materials | Entered Subcaves 1341 | -10/Subcaves | Approached by a straggling Scientist 1350 | -10/Subcaves | Discovered new exit (range 6) 1385 | -10/Subcaves | Shifting Twisted Machinery released Flamer 1396 | -10/Subcaves | Core integrity fell below 50% 1434 | -10/Subcaves | Shifting Twisted Machinery released Piercing Trap 2045 | -10/Subcaves | Ambushed by Subdwellers from Twisted Machinery 2092 | -10/Subcaves | Core integrity fell below 20% 2123 | -10/Subcaves | Destroyed by ST-NZS(R) with Subdweller Laser Last Messages --------------- down. 02051_ Sub. Monowheel shoots sparks and powers down. X2-LZD(c): "We're getting close, I can feel it." 02056_ Subatomizers dissect the Sub. Power Source. 02068_ Subatomizers dissect the Sub. Power Source, destroying it. 02070_ Acquired 22 matter. 02095_ Sub. Monowheel destroyed. 02104_ X2-J8P(R) destroyed. X2-LZD(c): "I think it's somewhere south of here" 02106_ Dropped Imp. Ion Engine. 02106_ Acquired Sub. Power Source. 02108_ Subatomizers dissect the Imp. Ion Engine. 02108_ Acquired 20 matter. 02117_ ST-NZS(R) suffers critical hit (Destroy). 02117_ Destroyed Sub. Monowheel. 02117_ Broken Sub. Beam Cannon destroyed. Map ----- +----------------------------------------------------+ | ?????????????????? ???????????????????????? | | ???????????????????? ??????????????????????? | | ?????????????????????? ??????????????????????? | | ???????????????????????# ?????????############? | | ????????????????????????# #####??### ## ## | | ???????????????????????## ##?# | | ???????????????????????# ### % | | ???????????????????????# ## | | ???????????????????????# ### | | ???????????????????????####??## *% | | ??????????????????????????????## | | ???????????????????????????????#### | | ?????????????????????????????###### | | ????????????????????????????## # # | | ????????????????????????????# | | ????????????????????????????# ## | | ????????????????????????????## ## ##### | | ????????????????????????????# ####???##### | | ???????????????????????###### #???####?## | | ???????????????????????# = ###### #?# | | ???????????????????????## #*# #### ### | | ???????????????????????# ####### ## | | ???????????????????????## #?## ## ###### | | ??????????????????????##^ #?# ###### #????# | | ?????????????????????##^ #?# ##????## ##????? | | ?????????????????????# ^ @ #?####????? #####?????? | | ?????????????????????# ;#?????### #????????? | | ?????????????????????# ;;??? ????????? | | ?????????????????????#^^ ;#?# ???????? | | ?????????????????????# ^ ;# ???????? | | ?????????????????????### ; ;# ??????? | | ???????????????????????##; #??????? | | ????????????????????????#; #??????? | | ????????????????????????### ??????? | | ??????????????????????#### c ??????? | | ?????????????????????## R ##???????? | | ????????????????????## ## ## #????????? | | ????????????????????# #? #??? #????????? | | ?????????????? ## #?? #????????????? | | ???????????# ?## #?? ???????????? | | ??????????? #??#####??? ?????????? | | ??????????? ##????????????? ?????????? | | ???????????## ????????????????? ??????????? | | ????????????# ?????????????????????????????? | | ????????????# ??????????????????????????????? | | ????????????# "??????????????????????????????? | | ?????????????## "#???????????????????????????????? | | ??????????????#""????????????????????????????????? | | ?????????????????????????????????????????????????? | | ?????????????????????????????????????????????????? | +----------------------------------------------------+ Best States ------------- Heat Dissipation 25 Energy Generation 15 Energy Capacity 265 Matter Stores 300 Matter Capacity 300 Sight Range 16 Robot Scan Range 14 Terrain Scan Density 10 Armor Coverage 150 Evasion (%) 42 Item Schematics ----------------- Med. Storage Unit | -10/Materials | Hacked Robot Schematics ------------------ M-13 Machinist | -10/Materials | Hacked Fabricated ------------ Nothing Repaired ---------- EM Pulse Gun | 48% | -10/Materials Studied --------- None Alien Tech Used ----------------- None Achievements -------------- None Challenges ------------ None Game ------ Seed RefineryHelicalScrap Manual? 0 Play Time 00:16:06 Cumulative 389.2 hours Start 2026.01.07 @ 03:20:47 End 2026.01.07 @ 03:36:59 Sessions 1 Manual Loads 0 Difficulty Rogue Special Mode None Game No. 136 Rogue 136 Adventurer 0 Explorer 0 Win Type - Total 9 Types 5/0/0/1/0/0/0/1/0/2 Lore% 83 Gallery% 79 Achievement% 68 Wizard Run 0 Options --------- Layout 1 ASCII 0 Keyboard 0 Movement Mouse Keybinds 0 Fullscreen 2 Font 32/SmallcapsGlow Map View 50x35 Zoom Use 0% Tactical HUD 1 Map Filters NONE Filters NONE Steam 1 RUN: bd00484d-c8cd-42b2-be20-99555f962d3a